 Dungeon Sprint DCSS version 0.29-a0-824-gd827844252 (webtiles) character file.

Game seed: 9200501788408264005

4405 mhtbhm the Unseen (level 10, 0/56 HPs)
             Began as a Tengu Enchanter on July 9, 2022.
             Was an Elder of Dithmenos.
             Slain by an unseen horror (6 damage)
             ... in the Dungeon (Sprint I: "Red Sonja").
             The game lasted 00:03:30 (1164 turns).

mhtbhm the Unseen (Tengu Enchanter)                 Turns: 1164, Time: 00:03:31

Health: 0/56       AC:  8    Str:  9    XL:     10   Next: 35%
Magic:  25/25      EV: 18    Int: 15    God:    Dithmenos [****..]
Gold:   644        SH:  0    Dex: 19    Spells: 19/30 levels left

rFire   + . .      SeeInvis .   a - +4 dagger
rCold   . . .      Faith    .   (no shield)
rNeg    . . .      Spirit   .   b - +2 robe {rF+}
rPois   .          Reflect  .   (helmet restricted)
rElec   .          Harm     .   n - +0 cloak {rCorr}
rCorr   +          Rampage  .   e - +2 pair of gloves {Stlth+}
Will    .....      NoTele   +   (boots unavailable) Stlth *+++++++++
                                (no amulet)
HPRegen 0.18/turn               (no ring)
MPRegen 0.19/turn               (no ring)

@: flying quickly and evasively, wreathed by umbra, invisible, quick
A: beak, talons 3, nimble flight
a: Renounce Religion, Shadow Step


You were in the Dungeon.
You worshipped Dithmenos.
Dithmenos was greatly pleased with you.
You visited 1 branch You collected 1034 gold pieces.
You spent 390 gold pieces at shops.

Inventory:

Hand Weapons
 a - a +4 dagger (weapon)
Missiles
 f - 2 curare-tipped darts
 k - 6 poisoned darts (quivered)
Armour
 b - a +2 robe of fire resistance (worn)
 e - a +2 pair of gloves of stealth (worn)
 n - a +0 cloak of preservation (worn)
Wands
 h - a wand of acid (9)
 m - a wand of paralysis (7)
Scrolls
 i - a scroll of blinking
 j - a scroll of identify {unknown}
 p - a scroll of immolation {unknown}
Potions
 d - 3 potions of curing
 g - 2 potions of magic
 o - a potion of haste


   Skills:
 + Level 3.0 Fighting
 + Level 7.0 Short Blades
 + Level 5.8 Dodging
 + Level 16.1 Stealth
 + Level 10.6 Spellcasting
 + Level 1.7 Conjurations
 + Level 8.5 Hexes
 + Level 6.8 Ice Magic


You had 19 spell levels left.
You knew the following spells:

 Your Spells              Type           Power      Damage    Failure   Level
a - Ensorcelled Hibernat  Hex/Ice        62%        N/A       1%          2
b - Confusing Touch       Hex            33%        N/A       1%          3
c - Tukima's Dance        Hex            33%        N/A       1%          3
d - Dazzling Flash        Conj/Hex       46%        N/A       3%          3

Your spell library contained the following spells:

 Spells                   Type           Power      Damage    Failure   Level
 Iskenderun's Mystic Bla  Conj/Tloc      10%        2d4       54%         4
 Starburst                Conj/Fire      5%         6d4       100%        6


Dungeon Overview and Level Annotations

Branches:
Dungeon (1/1)

Altars:
Cheibriados
Dithmenos
Elyvilon
Fedhas
Gozag
Hepliaklqana
Kikubaaqudgha
Makhleb
Nemelex Xobeh
Okawaru
Qazlal
Ru
Sif Muna
Trog
Uskayaw
Vehumet
Wu Jian
Xom
Yredelemnul
Zin
The Shining One
Jiyva
Lugonu

Shops:
D ![[


Innate Abilities, Weirdness & Mutations

You have a beak for a mouth.
You have claws for feet.
Your magical nature lets you fly swiftly and evasively.


Message History

Something closely misses you.
You closely miss something. Something hits you!
You swing at nothing.
Something hits you.
You feel much better. Something hits you but does no damage.
Something hits you.
Unknown command.
You fade into invisibility!
Something hits you.
Unknown command.
You swing at nothing.
You closely miss something. Something hits you.
You swing at nothing.
You hit something. Your kick misses something.
Something hits you but does no damage.
You swing at nothing.
You swing at nothing.
Something hits you.
You hit something. Something hits you but does no damage. Something hits you.
You hit something but do no damage. Your kick misses something.
You peck something. You hit something. You claw something.
Your peck misses something. Something closely misses you.
You swing at nothing.
You swing at nothing.
Something hits you.
You hit something. You claw something. Something barely misses you.
You swing at nothing.
You swing at nothing.
Something hits you.
You hit something but do no damage. Your kick misses something.
Your peck misses something. Something hits you.
Something hits you but does no damage.
You closely miss something. You claw something. Your peck misses something.
You hit something. You claw something.
Your shadow barely misses something.
Something hits you.
You swing at nothing.
Something hits you!
* * * LOW HITPOINT WARNING * * *
You hit something. Your kick misses something. Something hits you!
* * * LOW HITPOINT WARNING * * *
You swing at nothing.
Unknown command.
Something hits you.
You die...

##'#_.+≈§§§§§.†#
÷'..._#≈§§§)#..#
##_.#'##'#####'###
###'#.#...)###.'.#
###.####'###)###†#
.'...'.....'[∩##.#
##.).###########§#
###.###.......##§#
#.#'#.#.......{{@#
#.....#+++######§#
#...).# JJ.§§.#§#
####### #§.# ####


There were no monsters in sight!

Vanquished Creatures
  2 centaur warriors (D)
  Sonja (D)
  A deep troll (D)
  An oklob plant (D)
  2 kobold demonologists (D)
  A hornet (D)
  A slime creature (D)
  Sigmund (D)
  A yak (D)
  2 redbacks (D)
  2 floating eyes (D)
  An ogre (D)
  A jelly (D)
  Ijyb (D)
  A ballistomycete spore (D)
19 creatures vanquished.

Vanquished Creatures (others)
  A ballistomycete spore (D)
1 creature vanquished.

Grand Total: 20 creatures vanquished

Notes
Turn   | Place    | Note
-------+----------+-------------------------------------------
     0 | D        | mhtbhm the Tengu Enchanter began the quest for the Orb.
     0 | D        | Reached XP level 1. HP: 10/10 MP: 4/4
     2 | D        | Noticed Ijyb
     8 | D        | Killed Ijyb
     9 | D        | Reached skill level 4 in Stealth
     9 | D        | Reached XP level 2. HP: 15/15 MP: 4/6
     9 | D        | Reached XP level 3. HP: 19/19 MP: 5/8
    43 | D        | Learned a level 2 spell: Ensorcelled Hibernation
    47 | D        | Learned a level 3 spell: Confusing Touch
    47 | D        | Noticed an ogre
    59 | D        | Killed an ogre
    60 | D        | Reached skill level 6 in Stealth
    60 | D        | Reached XP level 4. HP: 24/24 MP: 2/10
    80 | D        | Learned a level 3 spell: Tukima's Dance
   124 | D        | Noticed Sigmund
   133 | D        | Killed Sigmund
   134 | D        | Reached skill level 8 in Stealth
   134 | D        | Reached skill level 5 in Spellcasting
   134 | D        | Reached skill level 5 in Hexes
   134 | D        | Gained mutation: Your magical nature lets you fly swiftly
                  | and evasively. [Tengu growth]
   134 | D        | Reached XP level 5. HP: 19/28 MP: 1/13
   134 | D        | Reached XP level 6. HP: 22/32 MP: 1/14
   257 | D        | Found an ornate altar of the Wu Jian Council.
   257 | D        | Found a shimmering blue altar of Sif Muna.
   259 | D        | Found a radiant altar of Vehumet.
   336 | D        | Found Xuannues's Armour Emporium.
   336 | D        | Found an ancient bone altar of Kikubaaqudgha.
   336 | D        | Found a hazy altar of Hepliaklqana.
   336 | D        | Found a stormy altar of Qazlal.
   336 | D        | Found a hide-covered altar of Uskayaw.
   336 | D        | Found a blossoming altar of Fedhas.
   336 | D        | Found a bloodstained altar of Trog.
   336 | D        | Found an iron altar of Okawaru.
   336 | D        | Found a basalt altar of Yredelemnul.
   336 | D        | Found a glowing golden altar of the Shining One.
   336 | D        | Found a snail-covered altar of Cheibriados.
   336 | D        | Found a sacrificial altar of Ru.
   336 | D        | Found a glowing silver altar of Zin.
   336 | D        | Found a shadowy altar of Dithmenos.
   336 | D        | Found a white marble altar of Elyvilon.
   336 | D        | Noticed a yak
   337 | D        | Found an opulent altar of Gozag.
   342 | D        | Killed a yak
   343 | D        | Reached skill level 5 in Dodging
   343 | D        | Reached skill level 9 in Stealth
   343 | D        | Reached XP level 7. HP: 20/36 MP: 11/17
   343 | D        | Found a sparkling altar of Nemelex Xobeh.
   355 | D        | Became a worshipper of Dithmenos the Shadowed
   360 | D        | Bought a +2 pair of gloves of stealth for 215 gold pieces
   481 | D        | Learned a level 3 spell: Dazzling Flash
   488 | D        | Found a burning altar of Makhleb.
   488 | D        | Found a viscous altar of Jiyva.
   488 | D        | Found a shimmering altar of Xom.
   488 | D        | Found a corrupted altar of Lugonu.
   488 | D        | Noticed a slime creature
   502 | D        | Killed a slime creature
   503 | D        | Reached skill level 10 in Stealth
   759 | D        | Noticed a kobold demonologist
   760 | D        | Noticed a kobold demonologist
   764 | D        | Killed a kobold demonologist
   764 | D        | Reached * piety under Dithmenos
   765 | D        | Reached skill level 11 in Stealth
   765 | D        | Reached XP level 8. HP: 42/42 MP: 18/20
   765 | D        | Killed a kobold demonologist
   766 | D        | Reached skill level 1 in Fighting
   788 | D        | Noticed Sonja
   794 | D        | Killed Sonja
   795 | D        | Reached skill level 5 in Short Blades
   795 | D        | Reached skill level 12 in Stealth
   795 | D        | Reached skill level 5 in Ice Magic
   795 | D        | Reached XP level 9. HP: 43/48 MP: 19/22
   810 | D        | Found Donuf's Distillery.
   818 | D        | Bought a potion of heal wounds for 60 gold pieces
   994 | D        | Noticed a deep troll
   998 | D        | Killed a deep troll
   998 | D        | Reached ** piety under Dithmenos
   999 | D        | Reached skill level 13 in Stealth
   999 | D        | Reached skill level 1 in Conjurations
  1008 | D        | Found Bulom's Armour Emporium.
  1014 | D        | Bought a +0 cloak of preservation for 115 gold pieces
  1036 | D        | Noticed a centaur warrior
  1036 | D        | Noticed a centaur warrior
  1039 | D        | Killed a centaur warrior
  1040 | D        | Reached skill level 14 in Stealth
  1040 | D        | Killed a centaur warrior
  1041 | D        | Reached skill level 15 in Stealth
  1041 | D        | Reached skill level 10 in Spellcasting
  1041 | D        | Reached XP level 10. HP: 54/54 MP: 23/25
  1056 | D        | Noticed an oklob plant
  1058 | D        | Killed an oklob plant
  1058 | D        | Reached *** piety under Dithmenos
  1089 | D        | Reached **** piety under Dithmenos
  1090 | D        | Reached skill level 16 in Stealth
  1164 | D        | Slain by an unseen horror

Illustrated notes

Levels and vault maps discovered:
D:        dungeon_sprint_1 [red_sonja_temple_1, red_sonja_temple_small_1]

Skill      XL: |  1  2  3  4  5  6  7  8  9 10 |
---------------+-------------------------------+-----
Dodging        | 3 4 5 |  5.8
Stealth        | 4 6 8 9 11 12 15 16 | 16.1
Hexes          | 3 4 5 6 7 8 |  8.5
Short Blades   | 2 3 4 5 6 7 |  7.0
Spellcasting   | 3 5 6 7 8 10 | 10.6
Ice Magic      | 2 3 4 5 6 |  6.8
Fighting       | 1 2 3 |  3.0
Conjurations   | 1 |  1.7

Action                   |  1- 3 |  4- 6 |  7- 9 | 10-12 || total
-------------------------+-------+-------+-------+-------++-------
Melee: Dagger            |     5 |     7 |    13 |    22 ||    47
       Kick              |     1 |     3 |     1 |     6 ||    11
       Peck              |       |       |     1 |     3 ||     4
 Cast: Ensorcelled Hiber |     3 |     4 |     2 |     1 ||    10
       Confusing Touch   |       |     1 |       |       ||     1
       Dazzling Flash    |       |       |     1 |     2 ||     3
  Use: Potion            |     2 |     1 |     1 |     2 ||     6
 Stab: Sleeping          |     3 |     3 |    10 |     5 ||    21
       Invisible         |     1 |       |       |       ||     1
Armor: Robe              |       |       |       |     6 ||     6
Dodge: Dodged            |     7 |     5 |     8 |     5 ||    25

Table legend: (Time is in decaauts)
 A = Elapsed time spent in this place.
 B = Non-inter-level travel time spent in this place.
 C = Inter-level travel time spent in this place.
 D = Time resting spent in this place.
 E = Time spent auto-exploring this place.
 F = Levels seen in this place.
 G = Mean time per level.
                   A        B        C        D        E       F      G
               +--------+--------+--------+--------+--------+-----+--------+
         Total |   1104 |   1104 |      0 |    677 |      0 |   1 | 1104.0 |
       Dungeon |   1104 |   1104 |      0 |    677 |      0 |   1 | 1104.0 |
               +--------+--------+--------+--------+--------+-----+--------+

Top non-repeatable levels by time:
       D: 1104 daAuts
